 Dungeon Crawl Stone Soup version 0.30-a0-857-gcaf70739d4 (webtiles) character file.

Game seed: 2393947670139854147

46 Esekla the Sneak (level 3, 0/26 HPs)
             Began as an Octopode Delver on Mar 6, 2023.
             Killed from afar by a white imp (8 damage)
             ... with a puff of frost
             ... on level 5 of the Dungeon.
             The game lasted 00:02:27 (180 turns).

Esekla the Sneak (Octopode Delver)                   Turns: 180, Time: 00:02:27

Health: 0/26       AC:  1    Str: 11    XL:     3   Next: 66%
Magic:  4/4        EV: 13    Int: 14    God:
Gold:   45         SH:  0    Dex: 13    Spells: 3/3 levels left

rFire   . . .      SeeInvis .    a - +0 falchion
rCold   . . .      Faith    .    (no shield)
rNeg    . . .      Spirit   .    (helmet restricted)
rPois   .          Reflect  .    (no amulet)
rElec   .          Rampage  .    h - ring of wizardry
rCorr   .                        (no ring)
Will    .....                    (no ring)
Stlth   ++++                     (no ring)
HPRegen 0.24/turn                (no ring)
MPRegen 0.09/turn                (no ring)
                                 (no ring)
                                 (no ring)

@: no status effects
A: almost no armour, amphibious, 8 rings, camouflage 1, gelatinous body 1,
(nimble swimmer 1), tentacles
a: no special abilities


You were on level 5 of the Dungeon.
You visited 1 branch of the dungeon, and saw 1 of its levels.

You collected 45 gold pieces.

Inventory:

Hand Weapons
 a - a +0 falchion (weapon)
Jewellery
 h - a ring of wizardry (left tentacle)
Wands
 f - a wand of digging (3)
Scrolls
 b - a scroll of fog
 c - a scroll of teleportation {unknown}
 d - a scroll of fear
 j - a scroll of identify {unknown}
Potions
 e - a potion of haste
 g - a potion of cancellation {unknown}
 i - a potion of curing {unknown}


   Skills:
 * Level 3.3 Fighting
 * Level 2.3 Long Blades
 * Level 2.2 Dodging
 + Level 7.2 Stealth
 * Level 0.9 Spellcasting


You had 3 spell levels left.
You didn't know any spells.
Your spell library was empty.

Dungeon Overview and Level Annotations

Branches:
Dungeon (5/15)
 Temple: D:4-7

Altars:
The Shining One

Shops:
D:5 (


Innate Abilities, Weirdness & Mutations

You cannot wear most types of armour.
You are amphibious.
You can wear up to eight rings at the same time.
Your skin changes colour to match your surroundings (Stealth+).
Your rubbery body absorbs attacks. (AC +1, EV +1)
((You are camouflaged when in or above water. (Stealth+)))
You have tentacles for arms and can constrict up to eight enemies at once.


Message History

The crimson imp barely misses you.
You closely miss the crimson imp. Your grab misses the crimson imp.
The crimson imp closely misses you.
You barely miss the crimson imp. Your grab misses the crimson imp.
The crimson imp hits you but does no damage.
You closely miss the crimson imp. Your grab misses the crimson imp.
The crimson imp barely misses you.
The crimson imp hits you but does no damage.
You barely miss the crimson imp. Your grab misses the crimson imp.
You squeeze the crimson imp, but do no damage.
The crimson imp hits you.
You hit the crimson imp but do no damage.
You grab the crimson imp. You squeeze the crimson imp.
The crimson imp is moderately wounded.
You constrict the crimson imp. The crimson imp hits you.
You barely miss the crimson imp.
The crimson imp is moderately wounded.
You constrict the crimson imp. The crimson imp closely misses you.
You hit the crimson imp.
Your tentacle-slap misses the crimson imp.
The crimson imp is severely wounded.
You constrict the crimson imp.
You kill the crimson imp!
Your Stealth skill increases to level 7!
You have reached level 3!
Your experience leads to an increase in your attributes!
Increase (S)trength, (I)ntelligence, or (D)exterity?
You feel clever. x2
Found a scroll labelled PENECA MEITA.
i - a bubbling yellow potion
Found a scroll labelled PENECA MEITA.
j - a scroll labelled PENECA MEITA An ogre comes into view.
It is wielding a +0 giant club.
A white imp comes into view.
The white imp shouts, "Slither away, thou grime-gilt guts-griping mish-mash!"
The white imp gestures at you. The puff of frost hits you!
The white imp gestures at you. The puff of frost hits you!
You die...

*,,,**,,,**,*,,,,,*,,
*,,,*,,,,..#*,,**,**,
**,**#.....#..##*,,*,
*###....5O..,.#,,©*,
##..##..#..*,..,,,*,
#....#....#*,.#*,**,
###........#**.#*,*,,
##.?.......## *.#*,*,*
##.,,#@.#....###.##.##,
#..###..##..##.......#,
*#..............#....#*
#.....#........#,....#
#....##........#*,....
###...#........#,,,...
#............##..,..
###.#............#*,.
#...#............#*,.


You could see an ogre (wandering) and a white imp.

Vanquished Creatures
  A crimson imp (D:5)
  An adder (D:5)
  An orc (D:5)
  A kobold skeleton (D:5)
4 creatures vanquished.

Notes
Turn   | Place    | Note
-------+----------+-------------------------------------------
     0 | D:5      | Esekla the Octopode Delver began the quest for the Orb.
     0 | D:5      | Reached XP level 1. HP: 16/16 MP: 1/1
    34 | D:5      | Noticed a black bear
    73 | D:5      | Reached XP level 2. HP: 17/21 MP: 2/2
   113 | D:5      | Found a glowing golden altar of the Shining One.
   113 | D:5      | Noticed a crimson imp
   122 | D:5      | Found Musih's Antique Weapon Boutique.
   153 | D:5      | Killed a crimson imp
   154 | D:5      | Reached skill level 7 in Stealth
   154 | D:5      | Reached XP level 3. HP: 12/26 MP: 2/4
   174 | D:5      | Noticed an ogre
   180 | D:5      | Killed from afar by a white imp

Illustrated notes

Levels and vault maps discovered:
D:5:      layout_cave_pools, nicolae_tso_besieged_by_evil, serial_shops,
          nicolae_diamond_shop, gammafunk_ghost_stat_death

Skill      XL: |  1  2 |
---------------+-------+-----
Stealth        | 7 |  7.2
Fighting       | |  3.3
Long Blades    | |  2.3
Dodging        | |  2.2
Spellcasting   | |  0.9

Action                     || total
---------------------------++-------
  Melee: Falchion          ||    28
         Tentacles         ||     7
         Constrict         ||     5
         Punch             ||     1
    Use: Scroll            ||     1
 Armour: Skin              ||     6
  Dodge: Dodged            ||    19

Table legend: (Time is in decaauts)
 A = Elapsed time spent in this place.
 B = Non-inter-level travel time spent in this place.
 C = Inter-level travel time spent in this place.
 D = Time resting spent in this place.
 E = Time spent auto-exploring this place.
 F = Levels seen in this place.
 G = Mean time per level.
                   A        B        C        D        E       F      G
               +--------+--------+--------+--------+--------+-----+--------+
         Total |    184 |    184 |      0 |      0 |      0 |   1 |  184.0 |
       Dungeon |    184 |    184 |      0 |      0 |      0 |   1 |  184.0 |
               +--------+--------+--------+--------+--------+-----+--------+

Top non-repeatable levels by time:
     D:5: 184 daAuts
